 Dungeon Crawl Stone Soup version bcrawl-1.24 (webtiles) character file.

Game seed: 863115564081271959

10126 Freyura the Basher (level 11, -4/103 HPs)
             Began as a Gargoyle Monk on June 11, 2020.
             Was a Believer of Ru.
             Slain by an ogre
             ... wielding a +0 giant club
              (10 damage)
             ... on level 9 of the Dungeon.
             The game lasted 00:21:40 (6882 turns).

Freyura the Basher (Gargoyle Monk)                  Turns: 6882, Time: 00:21:40

Health: -4/103     AC: 16    Str: 19    XL:     11   Next: 57%
Magic:  0/12       EV: 16    Int: 12    God:    Ru [**....]
Gold:   693        SH:  0    Dex: 15    Spells: 10/10 levels left

rFire    . . .     SeeInvis .   C - +3 morningstar (flame)
rCold    + . .     Gourm    .   (no shield)
rNeg     + + .     Faith    .   g - +2 robe {rN+}
rPois    ∞         Spirit   +   c - +0 hat
rElec    +         Reflect  .   (no cloak)
rCorr    .         Harm     .   r - +2 pair of gloves
MR       .....                  (no boots)
Stlth    ..........             d - amulet of guardian spirit
HPRegen  0.27/turn              (no ring)
MPRegen  0.13/turn              y - ring of protection from cold

@: berserking, very quick
A: negative energy resistance 1, electricity resistance, unbreathing,
petrification resistance, rot immunity, inability to use devices, AC +8
a: Renounce Religion


You were on level 9 of the Dungeon.
You worshipped Ru.
Ru was pleased with you.
You were hungry.

You visited 2 branches of the dungeon, and saw 10 of its levels.
You also visited: Sewer.

You collected 693 gold pieces.

Inventory:

Hand Weapons
 C - a +3 morningstar of flaming (weapon)
Armour
 c - a +0 hat (worn)
 g - a +2 robe of positive energy (worn)
 r - a +2 pair of gloves (worn)
Jewellery
 d - an amulet of guardian spirit (around neck)
 y - a ring of protection from cold (right hand)
Scrolls
 b - a scroll of enchant weapon
 f - 7 scrolls of remove curse
 j - a scroll of amnesia
 m - 3 scrolls of teleportation
 o - a scroll of identify
 v - a scroll of magic mapping
 x - a scroll of blinking
 B - a scroll of fog
Potions
 a - a potion of cancellation {unknown}
 h - a potion of berserk rage
 i - a potion of resistance {unknown}
 k - 6 potions of magic
 l - 2 potions of mutation {unknown}
 p - a potion of degeneration {unknown}
 q - 3 potions of agility
 s - a potion of might {unknown}
 t - 2 potions of brilliance {unknown}
 u - 2 potions of flight {unknown}
 z - 3 potions of heal wounds {unknown}
Comestibles
 e - 16 rations {!d}


   Skills:
 + Level 8.7 Fighting
 * Level 10.7 Maces & Flails
 + Level 7.9 Armour
 + Level 6.6 Dodging
 + Level 9.2 Stealth
   Level 2.1 Invocations


You had 10 spell levels left.
You didn't know any spells.
Your spell library contained the following spells:

 Spells                   Type           Power        Failure   Level  Hunger
 Apportation              Tloc           #.....       32%         1    ##.....
 Infusion                 Chrm           #.......     32%         1    ##.....
 Sandblast                Erth           #.....       32%         1    ##.....
 Slow                     Hex            #.......     32%         1    ##.....
 Summon Butterflies       Summ           #.......     32%         1    ##.....


Dungeon Overview and Level Annotations

Branches:
Dungeon (9/12)             Temple (1/1) D:5            Lair (0/6) D:7
    Orc: D:8-11

Altars:
Ashenzari
Cheibriados
Dithmenos
Fedhas
Gozag
Hepliaklqana
Kikubaaqudgha
Lugonu
Makhleb
Nemelex Xobeh
Okawaru
Qazlal
Ru
Sif Muna
Trog
Uskayaw
Vehumet
Wu Jian
Xom
Yredelemnul

Shops:
D:7 }


Innate Abilities, Weirdness & Mutations

You are resistant to torment.
Your stone body is resilient. (AC +8)
You are immune to poison.
You resist negative energy. (rN+)
You are resistant to electric shocks. (rElec)
You can survive without breathing.
You are immune to petrification.
You are immune to rotting.
You cannot study or use magical devices.


Message History

It was a potion of berserk rage.
A red film seems to cover your vision as you go berserk!
You feel yourself moving faster!
You feel mighty!
The six-headed hydra closely misses you.
The six-headed hydra bites you but does no damage.
The six-headed hydra barely misses you. The six-headed hydra misses you.
The six-headed hydra bites you!
* * * LOW HITPOINT WARNING * * *
The six-headed hydra bites you!
* * * LOW HITPOINT WARNING * * *
You sock the six-headed hydra! You burn the six-headed hydra.
The six-headed hydra is heavily wounded.
You bludgeon the six-headed hydra!! You burn the six-headed hydra.
You kill the six-headed hydra!
You hit the ogre. You burn the ogre.
The ogre is moderately wounded.
You sock the ogre! You burn the ogre.
The ogre is almost dead.
The ogre hits you with a +0 giant club!
You die...

..# ###...... ..#
#. #...... ..# #.#
#...... ..# #..
#...... ..#####♣♣
###.########......
........♣
..................
#########
##.....##########
......#
##########....#
......+
.......@O5....+
......#
.....####W....#
.[....# ...
#.....# ......# .
.####....##
......#
..........#
......#
..........#
......#
.............
.....##
####...........
#..%........


You could see a hungry ghost, an ogre and a quasit.

Vanquished Creatures
  A hydra (D:9)
  A centaur warrior (D:8)
  2 two-headed ogres
  The ghost of Morbidden the Archer, a novice DgHu of Demigod (D:7)
  Pikel (D:7)
  4 trolls
  Prince Ribbit (D:6)
  Grinder (D:4)
  2 hippogriffs (D:7)
  Sigmund (D:5)
  A vampire (D:9)
  A yak (D:6)
  Menkaure (D:7)
  2 water moccasins
  3 porcupines (D:7)
  An ice beast (D:6)
  A slave (D:7)
  3 orc warriors
  2 phantoms
  A sky beast (D:4)
  2 ogres
  4 centaurs
  7 bullfrogs
  2 big kobolds
  A gnoll sergeant (D:7)
  3 scorpions
  3 wyvern skeletons
  5 killer bees (D:8)
  A howler monkey (D:5)
  2 centaur zombies
  A bullfrog zombie (D:7)
  3 crimson imps
  5 hounds
  A jelly (D:7)
  4 orc priests
  5 orc wizards
  A centaur skeleton (D:4)
  2 iguanas (D:4)
  6 worker ants
  8 gnolls
  A river rat (Sewer)
  3 shadow imps
  12 adders
  2 oozes
  2 adder skeletons
  4 worms
  2 dart slugs
  5 leopard geckos
  26 orcs
  6 ball pythons
  3 bats
  3 giant cockroaches
  8 goblins
  11 hobgoblins
  5 jackals
  2 quokkas
  3 frilled lizards (D:3)
  A jackal zombie (D:5)
  20 kobolds
  A quokka skeleton (D:4)
  6 rats
223 creatures vanquished.

Vanquished Creatures (others)
  2 slaves (D:7)
  A leopard gecko (D:7)
  13 fungi (D:7)
  6 plants (D:7)
22 creatures vanquished.

Grand Total: 245 creatures vanquished

Notes
Turn   | Place    | Note
-------+----------+-------------------------------------------
     0 | D:1      | Freyura the Gargoyle Monk began the quest for the Orb.
     0 | D:1      | Reached XP level 1. HP: 14/14 MP: 2/2
   120 | D:1      | Reached XP level 2. HP: 19/19 MP: 3/3
   936 | D:2      | Reached XP level 3. HP: 23/23 MP: 4/4
  1024 | D:2      | Reached skill level 1 in Armour
  1608 | D:3      | Reached XP level 4. HP: 28/29 MP: 3/5
  1912 | D:3      | Found a faded altar of an unknown god.
  1996 | D:3      | Found a glowing drain.
  2005 | Sewer    | Entered a sewer
  2019 | Sewer    | Noticed a big kobold
  2030 | Sewer    | Killed a big kobold
  2030 | Sewer    | Reached skill level 4 in Maces & Flails
  2030 | Sewer    | Reached XP level 5. HP: 15/33 MP: 2/6
  2428 | D:3      | Reached XP level 6. HP: 38/38 MP: 7/7
  2722 | D:4      | Noticed a sky beast
  2742 | D:4      | Killed a sky beast
  2861 | D:4      | Reached XP level 7. HP: 44/44 MP: 8/8
  2888 | D:4      | Reached skill level 5 in Maces & Flails
  2954 | D:4      | Found an iron altar of Okawaru.
  3296 | D:5      | Entered Level 5 of the Dungeon
  3296 | D:5      | Noticed Grinder
  3304 | D:5      | Noticed Sigmund
  3310 | D:4      | Paralysed by Grinder for 4 turns
  3326 | D:4      | Killed Grinder
  3326 | D:4      | Reached skill level 5 in Fighting
  3341 | D:5      | Killed Sigmund
  3341 | D:5      | Reached skill level 6 in Maces & Flails
  3341 | D:5      | Reached skill level 5 in Stealth
  3341 | D:5      | Reached XP level 8. HP: 45/49 MP: 9/9
  3537 | D:5      | Found a staircase to the Ecumenical Temple.
  3559 | Temple   | Entered the Ecumenical Temple
  3855 | D:5      | Found an opulent altar of Gozag.
  4269 | D:6      | Reached skill level 7 in Maces & Flails
  4269 | D:6      | Reached XP level 9. HP: 43/55 MP: 7/10
  4455 | D:6      | Noticed Prince Ribbit
  4470 | D:6      | Reached skill level 5 in Armour
  4660 | D:6      | Killed Prince Ribbit
  4752 | D:6      | Reached skill level 5 in Dodging
  4801 | D:7      | Noticed Pikel
  4807 | D:7      | Killed Pikel
  4807 | D:7      | Reached skill level 8 in Maces & Flails
  4846 | D:7      | Reached XP level 10. HP: 49/63 MP: 11/11
  4970 | D:7      | Found Tuizaist's Gadget Emporium.
  4970 | D:7      | Noticed Menkaure
  4972 | D:7      | Killed Menkaure
  4973 | D:7      | Found a runed translucent door.
  4984 | D:7      | Noticed Morbidden's ghost (novice DgHu)
  5069 | D:7      | Reached skill level 9 in Maces & Flails
  5409 | D:7      | Found a staircase to the Lair.
  5795 | D:7      | Killed Morbidden's ghost
  5906 | D:8      | Found a bloodstained altar of Trog.
  5909 | D:8      | Found a sacrificial altar of Ru.
  5910 | D:8      | Found a corrupted altar of Lugonu.
  5911 | D:8      | Found a basalt altar of Yredelemnul.
  5911 | D:8      | Found a radiant altar of Vehumet.
  5924 | D:8      | Noticed a two-headed ogre
  5926 | D:8      | Found a blossoming altar of Fedhas.
  5935 | D:8      | Killed a two-headed ogre
  5935 | D:8      | Reached skill level 10 in Maces & Flails
  5935 | D:8      | Reached XP level 11. HP: 42/68 MP: 6/12
  5995 | D:8      | Found a snail-covered altar of Cheibriados.
  5998 | D:8      | Found a shadowy altar of Dithmenos.
  6053 | D:8      | Became a worshipper of Ru the Awakened
  6066 | D:8      | Gained mutation: You cannot study or use magical devices.
                  | [Ru sacrifice]
  6066 | D:8      | Reached * piety under Ru
  6066 | D:8      | Reached ** piety under Ru
  6224 | D:8      | Noticed a centaur warrior
  6237 | D:8      | Killed a centaur warrior
  6356 | D:8      | Found a shattered altar of Ashenzari.
  6544 | D:9      | Noticed a two-headed ogre
  6556 | D:9      | Killed a two-headed ogre
  6861 | D:9      | Noticed a six-headed hydra
  6878 | D:9      | HP: 5/103 [six-headed hydra (9)]
  6880 | D:9      | Killed a six-headed hydra
  6882 | D:9      | Slain by an ogre

Skill      XL: |  1  2  3  4  5  6  7  8  9 10 11 |
---------------+----------------------------------+-----
Armour         | 1 2 3 4 6 7 |  7.9
Stealth        | 3 4 5 7 8 9 |  9.2
Fighting       | 4 5 6 7 8 |  8.7
Maces & Flails | 4 6 7 8 10 | 10.7
Dodging        | 3 4 5 6 |  6.6
Invocations    | |  2.1

Action                   |  1- 3 |  4- 6 |  7- 9 | 10-12 || total
-------------------------+-------+-------+-------+-------++-------
Melee: Mace              |   138 |    28 |       |       ||   166
       Flail             |       |   155 |   186 |       ||   341
       Morningstar       |       |       |   108 |   260 ||   368
Invok: Sacrifice Artific |       |       |       |     1 ||     1
  Use: Scroll            |       |     5 |     3 |     2 ||    10
       Potion            |       |       |     1 |     1 ||     2
 Stab: Sleeping          |     4 |     4 |    13 |     7 ||    28
       Distracted        |       |       |       |     2 ||     2
  Eat: Chunk             |     2 |     5 |     7 |     6 ||    20
Armor: Robe              |    48 |    88 |   144 |   131 ||   411
Dodge: Dodged            |    88 |   158 |   276 |   233 ||   755
